 Dungeon Crawl Stone Soup version 0.30.1-11-g7821555f0a (webtiles) character file.

Game seed: 2902525444237255388

597 Arctor the Trooper (level 7, -1/55 HPs)
             Began as a Human Fighter on Jan 12, 2024.
             Slain by a gnoll bouda
             ... wielding a +0 club
              (6 damage)
             ... on level 5 of the Dungeon.
             The game lasted 00:03:42 (3611 turns).

Arctor the Trooper (Human Fighter)                  Turns: 3611, Time: 00:03:42

Health: -1/55      AC: 13    Str: 19    XL:     7   Next: 68%
Magic:  7/7        EV:  5    Int:  8    God:
Gold:   164        SH:  6    Dex: 18    Spells: 6/6 levels left

rFire   . . .        z - +1 hand axe (venom)
rCold   . . .        c - +0 buckler
rNeg    . . .        h - +0 plate armour
rPois   .            (no helmet)
rElec   .            k - +0 cloak
rCorr   .            (no gloves)
SInv    .            (no boots)
Will    .....        l - amulet of faith
Stlth   x              - +6 ring of dexterity
HPRegen 0.29/turn    (no ring)
MPRegen 0.10/turn

%: faith
@: weakened
A: no striking features
a: no special abilities


You were on level 5 of the Dungeon.
You visited 1 branch of the dungeon, and saw 5 of its levels.

You collected 164 gold pieces.

Inventory:

Hand Weapons
 a - a +0 war axe
 v - a +0 sling
 z - a +1 hand axe of venom (weapon)
Missiles
 u - 6 boomerangs (quivered)
Armour
 c - a +0 buckler (worn)
 h - a +0 plate armour (worn)
 k - a +0 cloak (worn)
Jewellery
 l - an amulet of faith (around neck)
 x - a +6 ring of dexterity (left hand)
Wands
 e - a wand of charming (19)
 i - a wand of acid (10)
 m - a wand of flame (9)
Scrolls
 b - a scroll of silence
 r - 2 scrolls of teleportation
 w - a scroll of fear
 y - a scroll of identify
Potions
 d - 2 potions of might
 f - a potion of mutation {unknown}
 g - 2 potions of ambrosia {unknown}
 j - 2 potions of curing {unknown}
 n - a potion of attraction {unknown}
 o - a potion of degeneration {unknown}
 p - a potion of heal wounds
 q - 2 potions of invisibility {unknown}
 s - a potion of magic {unknown}
 t - a potion of cancellation {unknown}


   Skills:
 + Level 4.6 Fighting
 + Level 4.1 Axes
 + Level 2.3 Ranged Weapons
 + Level 4.6 Armour
 + Level 4.6 Shields


You had 6 spell levels left.
You didn't know any spells.
Your spell library contained the following spells:

 Spells                   Type           Power      Damage    Failure   Level
 Sandblast                Erth           0%         2d4       100%        1
 Passwall                 Tmut/Erth      0%         N/A       100%        2
 Static Discharge         Conj/Air       0%         2-2/arc   100%        2
 Stone Arrow              Conj/Erth      0%         3d7       100%        3
 Airstrike                Air            0%         2d(0-16)  100%        4
 Summon Lightning Spire   Summ/Air       0%         N/A       100%        4


Dungeon Overview and Level Annotations

Branches:
Dungeon (5/15)
 Temple: D:4-7

Altars:

Shops:
D:2 :

Annotations:
D:4 2 transporters


Message History

The gnoll barely misses you.
The gnoll bouda barks out a call to the hunt!
The gnoll picks up the pace!
Okay, then.
The gnoll attacks as you move away! The gnoll hits you but does no damage.
You hit the gnoll.
You kill the gnoll!
You hit the gnoll. The gnoll hits you but does no damage.
You hit the gnoll.
The gnoll is poisoned.
The gnoll is almost dead.
You block the gnoll's attack.
You hit the gnoll bouda.
The gnoll bouda is poisoned.
The gnoll bouda is lightly wounded.
You hit the gnoll but do no damage.
The gnoll looks as sick as possible!
The gnoll hits you with a +0 club.
* * * LOW HITPOINT WARNING * * *
The gnoll bouda hits you but does no damage.
You block the gnoll's attack.
You hit the gnoll but do no damage.
The gnoll is almost dead.
You hit the gnoll bouda.
The gnoll bouda looks as sick as possible!
You kill the gnoll!
The gnoll bouda hits you with a +0 club.
* * * LOW HITPOINT WARNING * * *
You hit the gnoll bouda but do no damage.
The gnoll bouda looks as sick as possible!
The gnoll bouda is moderately wounded.
The gnoll bouda hits you but does no damage. x2
You hit the gnoll bouda but do no damage.
The gnoll bouda is heavily wounded.
The gnoll bouda mumbles some strange prayers to its god.
The gnoll bouda is healed somewhat.
Unknown command.
You closely miss the gnoll bouda.
The gnoll bouda is heavily wounded.
The gnoll bouda gazes fiercely through you!
You feel your attacks grow feeble.
The gnoll bouda hits you with a +0 club.
You die...

....## ##..##....#...............
.##..###...##....#...............
.###.......##....................
## ##.####.........#.............
# #.# #..##....###............ #
#.## #.####....####..........
#..# ..# #....## ##.........
##..##.#####.....##...........
####........##..@......##..####..
#....#..........g)...### #.#
..####....###........# .# .##
##....####......# .#
#.##..###......### .#
#..##....#........ >#
#............).... .#
#..............##.. .#
#.#######...#.....>


You could see a gnoll bouda (extremely poisoned).

Vanquished Creatures
  2 scorpions
  A howler monkey (D:5)
  A hound (D:5)
  A jelly (D:4)
  2 orc priests
  Jessica (D:2)
  An iguana (D:4)
  Terence (D:2)
  A sleepcap (D:4)
  An orc wizard (D:5)
  6 adders
  6 gnolls (D:5)
  2 worms (D:3)
  A dart slug (D:3)
  7 orcs
  6 endoplasms
  6 giant cockroaches
  2 goblins
  5 hobgoblins
  4 quokkas
  5 ball pythons
  5 bats
  2 frilled lizards
  8 kobolds
  4 rats
81 creatures vanquished.

Notes
Turn   | Place    | Note
-------+----------+-------------------------------------------
     0 | D:1      | Arctor the Human Fighter began the quest for the Orb.
     0 | D:1      | Reached XP level 1. HP: 18/18 MP: 1/1
    68 | D:1      | Reached XP level 2. HP: 16/24 MP: 2/2
   485 | D:1      | Reached XP level 3. HP: 27/29 MP: 3/3
   760 | D:2      | Noticed Jessica
   974 | D:2      | Killed Jessica
   975 | D:2      | Reached XP level 4. HP: 25/35 MP: 4/4
  1222 | D:2      | Noticed Terence
  1254 | D:2      | Killed Terence
  1255 | D:2      | Reached XP level 5. HP: 23/42 MP: 5/5
  1391 | D:2      | Found Famimp's Book Shop.
  1655 | D:3      | Found a faded altar of an unknown god.
  2233 | D:4      | Reached XP level 6. HP: 35/48 MP: 6/6
  2574 | D:4      | Found a transporter.
  2619 | D:4      | Reached skill level 1 in Ranged Weapons
  2987 | D:4      | Found a transporter.
  3414 | D:5      | Entered Level 5 of the Dungeon
  3528 | D:5      | Reached XP level 7. HP: 55/55 MP: 7/7
  3611 | D:5      | Slain by a gnoll bouda

Illustrated notes

Levels and vault maps discovered:
D:1:      lightli_arrival_noodles, layout_basic
D:2:      layout_basic, serial_shops, shop, uniq_jessica, uniq_terence
D:3:      layout_rooms, shapermc_ecumenical_altar_ellora
D:4:      gammafunk_cloud_chamber, layout_basic
D:5:      layout_layer_cave, nicolae_qazlal_scattered_showers,
          minmay_temple_entry_statues_fountains, kennysheep_boxes

Skill      XL: |  1  2  3  4  5  6  7 |
---------------+----------------------+-----
Axes           | 3 4 |  4.1
Fighting       | 4 |  4.6
Shields        | 4 |  4.6
Armour         | 4 |  4.6
Ranged Weapons | 1 2 |  2.3

Action                     |  1- 3 |  4- 6 |  7- 9 || total
---------------------------+-------+-------+-------++-------
  Melee: War axe           |    81 |   167 |       ||   248
         Hand axe          |       |     4 |    43 ||    47
    Use: Scroll            |       |     8 |       ||     8
 Armour: Scale mail        |    18 |       |       ||    18
         Plate armour      |    45 |   127 |    26 ||   198
  Dodge: Dodged            |    44 |    34 |    15 ||    93
  Block: Buckler           |    16 |    59 |    15 ||    90
